 Dungeon Crawl Stone Soup version 0.31.0-12-g77e489cdc1 (webtiles) character file.

Game seed: 16760318698834602093

103 spaghetti the Changeling (level 4, -1/32 HPs)
             Began as a Barachi Shapeshifter on Feb 21, 2024.
             Slain by a cerulean imp
             ... wielding a +0 spear
             ... summoned by Natasha
              (4 damage)
             ... on level 2 of the Dungeon.
             The game lasted 00:01:33 (1365 turns).

spaghetti the Changeling (Barachi Shapeshifter)     Turns: 1365, Time: 00:01:34

Health: -1/32      AC:  3    Str: 18    XL:     4   Next: 79%
Magic:  4/4        EV: 12    Int: 10    God:
Gold:   159        SH:  0    Dex: 11    Spells: 3/3 levels left

rFire   . .          .
                       - Unarmed
rCold   . . .        (no shield)
rNeg    . . .        a - +1 animal skin
rPois   .            (helmet currently unavailable)
rElec   .            (cloak currently unavailable)
rCorr   .            (gloves currently unavailable)
SInv    .            (boots currently unavailable)
Will    .....        (no amulet)
Stlth   +            (no ring)
HPRegen 0.25/turn    (no ring)
MPRegen 0.09/turn

%: no passive effects
@: beast-form, slow
A: beast (slay +2), amphibious, slowness 1, strong legs 1, +LOS
a: Hop, Begin Untransformation


You were on level 2 of the Dungeon.
You were a hulking beast.
You visited 1 branch of the dungeon, and saw 2 of its levels.

You collected 159 gold pieces.

Inventory:

Armour
 a - a +1 animal skin (worn)
Talismans
 c - a beast talisman
 d - a flux talisman
Wands
 i - a wand of polymorph (13)
Potions
 b - a potion of heal wounds {unknown}
 e - a potion of haste {unknown}
 f - a potion of curing {unknown}
 g - a potion of lignification


   Skills:
 - Level 1.2 Fighting
 - Level 2.1 Dodging
 - Level 4.0 Unarmed Combat
 + Level 5.1 Shapeshifting


You had 3 spell levels left.
You didn't know any spells.
Your spell library was empty.

Dungeon Overview and Level Annotations

Branches:
Dungeon (2/15)

Altars:
Makhleb

Shops:
D:1 (

Annotations:
D:2 Natasha


Innate Abilities, Weirdness & Mutations

You are a hulking beast.
Your limbs bulge with bestial killing power. (Slay +2)
You are amphibious.
You cover ground slowly.
You can hop short distances.
You have an extended range of vision and can be seen from far away.


Message History

You are too injured to fight recklessly!
You are too injured to fight recklessly!
You are too injured to fight recklessly!
You are too injured to fight recklessly!
You are too injured to fight recklessly!
You are too injured to fight recklessly!
You are too injured to fight recklessly!
You are too injured to fight recklessly!
You are too injured to fight recklessly!
You are too injured to fight recklessly!
You are too injured to fight recklessly!
You are too injured to fight recklessly!
You are too injured to fight recklessly!
You are too injured to fight recklessly!
You are too injured to fight recklessly!
Unknown command.
You barely miss Natasha. Natasha claws you but does no damage.
The cerulean imp completely misses you.
You barely miss Natasha. Natasha claws you.
The cerulean imp hits you from afar with a +0 spear.
You hit Natasha. You punch Natasha.
Natasha is moderately wounded.
Natasha claws you. The cerulean imp barely misses you.
You hit Natasha.
Natasha is moderately wounded.
Natasha claws you.
The cerulean imp hits you from afar with a +0 spear.
You hit Natasha.
Natasha is heavily wounded.
Natasha closely misses you. The cerulean imp barely misses you.
You barely miss Natasha.
Natasha is heavily wounded.
Natasha claws you!
* * * LOW HITPOINT WARNING * * *
Unknown command.
Unknown command.
You hit Natasha.
Natasha is almost dead.
The cerulean imp hits you from afar with a +0 spear.
You die...

#
#...##...........###.._.....#.#
#
#...####.........###........#.#
# #...#
#....................#.# #
##### #..........##........#.#
#######
#..........##........###
......# #..............#.....#
#
......####......5..###..###.###
# .................h.###..#
#...# #
............#...h...##..#
###.###
.†..........####.#####..#
#....## ...††.......# #.# #..#
#....## ............#
#.#####..# #.....#
#####.......#
#........###...#.. #.......#
#.####.........### #########
#....#.####.######
#.##.#.####.##....
######.......)....#....


You could see Natasha and a cerulean imp (summoned).

Vanquished Creatures
  Natasha (twice) (D:2)
  An adder (D:2)
  A dart slug (D:1)
  2 ribbon worms (D:2)
  2 ball pythons
  4 bats
  3 endoplasms (D:1)
  4 goblins
  8 hobgoblins
  A quokka (D:1)
  5 kobolds
  4 rats (D:1)
37 creatures vanquished.

Notes
Turn   | Place    | Note
-------+----------+-------------------------------------------
     0 | D:1      | spaghetti the Barachi Shapeshifter began the quest for the
                  | Orb.
     0 | D:1      | Reached XP level 1. HP: 15/15 MP: 1/1
    75 | D:1      | Reached XP level 2. HP: 20/21 MP: 2/2
   181 | D:1      | Reached XP level 3. HP: 7/26 MP: 3/3
   420 | D:1      | Found Ynaytely's Weapon Boutique.
   505 | D:2      | Reached skill level 4 in Shapeshifting
   680 | D:2      | Found a burning altar of Makhleb.
   756 | D:2      | Noticed Natasha
   768 | D:2      | Killed Natasha
   769 | D:2      | Reached XP level 4. HP: 10/32 MP: 4/4
  1147 | D:2      | Noticed Natasha
  1157 | D:2      | Killed Natasha
  1158 | D:2      | Reached skill level 5 in Shapeshifting
  1355 | D:2      | Noticed Natasha
  1365 | D:2      | Slain by a cerulean imp

Illustrated notes

Levels and vault maps discovered:
D:1:      psy_arrival_dodecagon, layout_rooms, serial_shops,
          nicolae_shop_tiny_waterfront
D:2:      layout_basic, basic_altar, uniq_natasha

Skill      XL: |  1  2  3  4 |
---------------+-------------+-----
Unarmed Combat | 4 |  4.0
Shapeshifting  | 4 5 |  5.1
Fighting       | |  1.2
Dodging        | |  2.1

Action                     |  1- 3 |  4- 6 || total
---------------------------+-------+-------++-------
  Melee: Unarmed           |    92 |    30 ||   122
         Punch             |     1 |     1 ||     2
    Use: Potion            |     1 |       ||     1
         Scroll            |     3 |       ||     3
   Stab: Sleeping          |       |     1 ||     1
 Armour: Animal skin       |    52 |    31 ||    83
         Skin              |     3 |       ||     3
  Dodge: Dodged            |    45 |    21 ||    66
